 Dungeon Crawl Stone Soup version 0.24-a0-125-gdf02491 (console) character file.

Game seed: 207525149779973520

9224 Duffy the Cleaver (level 11, -10/103 HPs)
             Began as a Naga Gladiator on Feb 23, 2019.
             Was a High Priest of the Shining One.
             Mangled by a wight
             ... wielding a cursed +5 halberd
              (14 damage)
             ... on level 11 of the Dungeon.
             The game lasted 00:15:52 (12562 turns).

Duffy the Cleaver (Naga Gladiator)                 Turns: 12562, Time: 00:15:54

Health: -10/103    AC:  9    Str: 21    XL:     11   Next: 43%
Magic:  14/14      EV: 12    Int: 10    God:    the Shining One [*****.]
Gold:   611        SH:  0    Dex: 12    Spells: 10/10 levels left

rFire    . . .     SeeInvis +   a - +4 battleaxe
rCold    + . .     Gourm    .   (shield currently unavailable)
rNeg     + + .     Faith    .   e - +2 ring mail {rC+}
rPois    +         Spirit   .   (helmet restricted)
rElec    .         Reflect  .   (no cloak)
rCorr    .         Harm     .   F - +0 pair of gloves
MR       ++...                  (no barding)
Stlth    +.........             (no amulet)
HPRegen  0.27/turn              u - +4 ring of strength
MPRegen  0.14/turn              s - ring of protection from magic

@: short of breath, glowing, lightly drained, very slow
A: large, antennae 1, see invisible, deformed body, dopey 1, poison resistance,
slowness 2, slow metabolism 1, spit poison 2, subdued magic 1, AC +3
a: Breathe Poison Gas, Divine Shield, Cleansing Flame, Summon Divine Warrior,
Renounce Religion


You were on level 11 of the Dungeon.
You worshipped the Shining One.
The Shining One was extremely pleased with you.
You were not hungry.

You visited 1 branch of the dungeon, and saw 11 of its levels.
You also visited: Sewer and Ossuary.

You collected 611 gold pieces.

Inventory:

Hand Weapons
 a - a +4 battleaxe (weapon)
 b - a +0 blowgun
 t - a +1 dagger of venom
 G - a +0 battleaxe
 H - a +0 war axe
 I - the +4 dagger of Theory {pierce, Stlth+}
   (You took it off an orc on level 8 of the Dungeon)

   It inflicts extra damage upon your enemies.
   It makes you more stealthy.
Missiles
 d - 4 throwing nets (quivered)
 A - 12 curare-tipped needles
Armour
 c - a +0 helmet
 e - a +2 ring mail of cold resistance (worn)
 F - a +0 pair of gloves (worn)
 L - a +0 troll leather armour
Jewellery
 s - a ring of protection from magic (right hand)
 u - a +4 ring of strength (left hand)
Wands
 g - a wand of polymorph (12)
 r - a wand of disintegration (9)
 D - a wand of clouds (12)
 K - a wand of paralysis (20)
Scrolls
 h - a scroll of fog {unknown}
 i - 3 scrolls of fear
 k - a scroll of immolation
 l - 3 scrolls of magic mapping
 m - 4 scrolls of enchant weapon
 w - 6 scrolls of teleportation
 y - 13 scrolls of remove curse
 B - 2 scrolls of blinking {unknown}
 C - 3 scrolls of noise {unknown}
 J - a scroll of random uselessness {unknown}
 N - a scroll of enchant armour
 O - a scroll of summoning {unknown}
Potions
 j - 3 potions of heal wounds
 n - 5 potions of curing
 o - a potion of flight
 p - 9 potions of brilliance
 q - a potion of might
 v - 2 potions of ambrosia
 x - a potion of mutation
 z - a potion of lignification
 E - a potion of berserk rage
Miscellaneous
 M - a phantom mirror
Comestibles
 f - 12 rations
 P - 5 chunks of flesh


   Skills:
 + Level 8.2(8.0) Fighting
 * Level 11.7(11.5) Axes
 - Level 1.7(1.5) Throwing
 + Level 7.2(6.9) Dodging
 - Level 5.0(4.8) Invocations
 - Level 5.0(4.8) Evocations


You had 10 spell levels left.
You didn't know any spells.
Your spell library contained the following spells:

 Spells                   Type           Power        Failure   Level  Hunger
 Animate Skeleton         Necr           N/A          50%         1    ##.....
 Apportation              Tloc           #.....       50%         1    ##.....
 Beastly Appendage        Tmut           #.....       50%         1    ##.....
 Confusing Touch          Hex            #.....       50%         1    ##.....
 Magic Dart               Conj           #...         50%         1    ##.....
 Summon Small Mammal      Summ           #...         50%         1    ##.....
 Blink                    Tloc           N/A          63%         2    ###....
 Call Imp                 Summ           #.......     63%         2    ###....
 Slow                     Hex            #.......     63%         2    ###....
 Sticks to Snakes         Tmut           #.......     63%         2    ###....
 Conjure Flame            Conj/Fire      #.......     86%         3    ####...
 Mephitic Cloud           Conj/Pois/Air  #.......     86%         3    ####...
 Spider Form              Tmut/Pois      #.........   86%         3    ####...
 Ice Form                 Ice/Tmut       #.......     99%         4    #####..
 Blade Hands              Tmut           #.........   100%        5    ######.


Dungeon Overview and Level Annotations

Branches:
Dungeon (11/15)            Temple (0/1) D:7
   Lair: D:8-11         Orc: D:9-12

Altars:
Cheibriados
Gozag
Okawaru
Qazlal
Ru
Trog
Uskayaw
Wu Jian
Yredelemnul
The Shining One

Shops:
D:9 *

Annotations:
D:9 exclusion: upstairs


Innate Abilities, Weirdness & Mutations

You cannot wear boots.
Your serpentine skin is tough. (AC +3)
You have supernaturally acute eyesight. (SInv)
Armour fits poorly on your strangely shaped body.
Your system is resistant to poisons. (rPois)
You cover ground very slowly.
You have a slow metabolism.
You can exhale a cloud of poison.
You have a pair of small antennae on your head.
You are dopey. (Int -2)
Your spells are a little easier to cast, but a little less powerful.


Message History

You are too injured to fight recklessly!
You hit the troll.
The troll is lightly wounded.
You slash the wight!
You destroy the wight!
The Shining One accepts your kill.
You feel better. The troll bites you! The troll claws you! x2
You barely miss the troll.
The troll is lightly wounded.
The wight barely misses you. The troll bites you! The troll closely misses you.
The troll claws you.
Press: ? - help, Shift-Dir - straight line, f - troll
Aim: a troll (lightly wounded, haloed)
You exhale a blast of poison gas.
The poison gas hits the troll but does no damage.
The troll is lightly wounded.
You feel somewhat more hungry.
The troll is poisoned.
The troll bites you! The troll barely misses you. x2
The wight hits you from afar with a cursed +5 halberd!
You die...

#..# #........###
#..###...........
#................
#..)..........###
#.............#
#.............#
#........)....#####..
#....................
#............@)......
#......######)T####..
#......# #.z#
#......# #..# #......
...# ..... .... .....
#.....


You could see a troll and a wight.

Vanquished Creatures
  3 two-headed ogres
  An unseen horror (D:10)
  Joseph (D:7)
  2 centaur skeletons
  A troll (D:9)
  3 hippogriffs
  A hungry ghost (D:9)
  3 orc warriors
  A water moccasin (D:8)
  3 black bears
  2 sky beasts
  3 ice beasts
  3 ogres
  6 centaurs
  4 big kobolds
  9 bullfrogs
  2 elf zombies
  3 elf skeletons (D:4)
  3 killer bees (D:11)
  9 wights
  A howler monkey (D:9)
  3 bullfrog zombies
  A centaur zombie (D:7)
  A crimson imp (D:6)
  A human zombie (Ossuary)
  A quasit (D:8)
  6 hounds
  3 orc priests
  2 bullfrog skeletons
  2 jellies
  2 human skeletons (D:4)
  2 iguanas
  14 orc wizards
  3 worker ants
  A hound skeleton (D:7)
  2 mummies (Ossuary)
  8 gnolls
  3 howler monkey skeletons
  6 adders
  2 river rats (Sewer)
  A shadow imp (D:7)
  6 oozes
  5 adder zombies
  An adder skeleton (D:9)
  7 worms
  A dart slug (D:4)
  4 leopard geckos
  32 orcs
  4 giant cockroaches
  9 hobgoblins
  14 jackals
  10 kobolds
  4 quokkas
  7 ball pythons
  8 bats
  5 frilled lizards
  A giant cockroach zombie (D:6)
  12 goblins
  8 hobgoblin zombies (Ossuary)
  A jackal skeleton (D:7)
  A jackal zombie (Ossuary)
  10 kobold zombies (Ossuary)
  8 orc zombies (Ossuary)
  A quokka skeleton (D:6)
  A quokka zombie (D:8)
  7 rats
  4 rat zombies (Ossuary)
299 creatures vanquished.

Notes
Turn   | Place    | Note
-------+----------+-------------------------------------------
     0 | D:1      | Duffy the Naga Gladiator began the quest for the Orb.
     0 | D:1      | Reached XP level 1. HP: 19/19 MP: 1/1
   223 | D:1      | Reached XP level 2. HP: 22/26 MP: 2/2
   462 | D:1      | Reached XP level 3. HP: 27/32 MP: 3/3
  1076 | D:2      | Reached skill level 4 in Axes
  1819 | D:2      | Reached XP level 4. HP: 38/40 MP: 4/4
  2141 | D:2      | Found a glowing golden altar of the Shining One.
  2208 | D:2      | Became a worshipper of the Shining One
  2766 | D:3      | Reached XP level 5. HP: 44/48 MP: 5/5
  3297 | D:4      | Reached skill level 5 in Axes
  3402 | D:4      | Reached XP level 6. HP: 55/56 MP: 6/6
  3629 | D:4      | Found a sand-covered staircase.
  3657 | D:4      | Reached * piety under the Shining One
  3657 | D:4      | Reached XP level 7. HP: 26/63 MP: 7/7
  3663 | Ossuary  | Entered an ossuary
  3844 | Ossuary  | Reached skill level 6 in Axes
  3890 | Ossuary  | Reached ** piety under the Shining One
  4010 | Ossuary  | Reached *** piety under the Shining One
  4741 | D:5      | Entered Level 5 of the Dungeon
  4752 | D:4      | Reached XP level 8. HP: 69/73 MP: 8/8
  4826 | D:5      | Reached **** piety under the Shining One
  4833 | D:5      | Reached skill level 7 in Axes
  5089 | D:5      | Reached skill level 1 in Invocations
  5091 | D:5      | Reached skill level 1 in Evocations
  5184 | D:5      | Reached skill level 5 in Fighting
  5824 | D:6      | Found a glowing drain.
  5876 | Sewer    | Entered a sewer
  6110 | Sewer    | Reached skill level 8 in Axes
  6119 | Sewer    | Reached XP level 9. HP: 64/81 MP: 9/11
  6238 | Sewer    | Reached skill level 5 in Dodging
  6401 | D:6      | Gained mutation: You are clumsy. (Dex -2) [mutagenic glow]
  7506 | D:7      | Found a bloodstained altar of Trog.
  7732 | D:7      | Found an opulent altar of Gozag.
  7741 | D:7      | Noticed Joseph
  7768 | D:7      | Killed Joseph
  7768 | D:7      | Reached skill level 9 in Axes
  8087 | D:7      | Found a staircase to the Ecumenical Temple.
  8190 | D:7      | Reached XP level 10. HP: 28/92 MP: 13/13
  8482 | D:7      | Found an iron altar of Okawaru.
  8748 | D:7      | Found a basalt altar of Yredelemnul.
  9023 | D:8      | Reached skill level 5 in Invocations
  9256 | D:8      | Reached ***** piety under the Shining One
  9391 | D:8      | Identified the +4 dagger of Theory {pierce, Stlth+}
  9414 | D:8      | Reached skill level 10 in Axes
  9581 | D:8      | Found an ornate altar of the Wu Jian Council.
  9583 | D:8      | Found a hide-covered altar of Uskayaw.
  9827 | D:8      | Found a sacrificial altar of Ru.
  9861 | D:8      | Found a snail-covered altar of Cheibriados.
  9861 | D:8      | Found a stormy altar of Qazlal.
  9863 | D:8      | Found a bloodstained altar of Trog.
 10243 | D:9      | Reached skill level 5 in Evocations
 10280 | D:9      | Noticed a two-headed ogre
 10291 | D:9      | Killed a two-headed ogre
 10431 | D:9      | Found Sydd's General Store.
 10832 | D:9      | Lost mutation: You are clumsy. (Dex -2) [potion of
                  | mutation]
 10832 | D:9      | Gained mutation: You are dopey. (Int -2) [potion of
                  | mutation]
 10832 | D:9      | Gained mutation: Your spells are a little easier to cast,
                  | but a little less powerful. [potion of mutation]
 10832 | D:9      | Gained mutation: You have a pair of small antennae on your
                  | head. [potion of mutation]
 10832 | D:9      | Gained mutation: You can exhale a cloud of poison. [potion
                  | of mutation]
 10834 | D:9      | Noticed a two-headed ogre
 10849 | D:9      | Killed a two-headed ogre
 10849 | D:9      | Reached skill level 11 in Axes
 10849 | D:9      | Reached XP level 11. HP: 20/102 MP: 14/14
 11349 | D:10     | Entered Level 10 of the Dungeon
 11557 | D:10     | Noticed an unseen horror
 11572 | D:10     | Killed an unseen horror
 12527 | D:11     | Noticed a two-headed ogre
 12533 | D:11     | Killed a two-headed ogre
 12562 | D:11     | HP: 4/103 [troll (7)]
 12562 | D:11     | Mangled by a wight

Levels and vault maps discovered:
D:1:      minmay_arrival_four_houses, layout_basic, minmay_pentomino_u4
D:2:      minmay_angry_zag, layout_loops_ring, tso_altar
D:3:      layout_basic
D:4:      layout_loops_ring, nicolae_ossuary_entry_catacombs, first_ration
D:5:      layout_cave_pods, roderic_lattice_a
D:6:      layout_cave_pods, cheibrodos_sewer_entry_bend
D:7:      layout_rooms, grunt_gozag_breadcrumbs, okawaru_trees_2,
          overflow_temple_1_default, minmay_temple_entry_purple_smoke,
          trog_ov_bears_minmay, uniq_joseph
D:8:      layout_loops_ring, kennysheep_mini_moat,
          nicolae_overflow_hidden_temple
D:9:      layout_loops_ring, serial_shops, kennysheep_little_box
D:10:     layout_loops_corners
D:11:     layout_small_grid, david_lair_generic
Sewer:    sewer_co_15_rooms
Ossuary:  ossuary_tomb_1

Skill      XL: |  1  2  3  4  5  6  7  8  9 10 11 |
---------------+----------------------------------+-----
Axes           | 4 5 6 8 9 11 | 11.7
Dodging        | 3 4 5 6 7 |  7.2
Fighting       | 3 4 5 6 7 8 |  8.2
Invocations    | 2 4 5 |  5.0
Evocations     | 2 4 5 |  5.0
Throwing       | |  1.7

Action                   |  1- 3 |  4- 6 |  7- 9 | 10-12 || total
-------------------------+-------+-------+-------+-------++-------
Melee: War axe           |   105 |   123 |   408 |    53 ||   689
       Battleaxe         |       |       |       |   168 ||   168
 Fire: Blowgun           |       |       |     4 |     8 ||    12
Throw: Throwing net      |       |     3 |     1 |       ||     4
 Abil: Spit Poison       |     3 |     8 |     9 |       ||    20
       Breathe Poison Ga |       |       |       |     8 ||     8
Evoke: Wand              |       |       |     2 |       ||     2
  Use: Scroll            |     3 |     1 |    12 |     3 ||    19
       Potion            |       |       |       |     1 ||     1
  Eat: Chunk             |     2 |     5 |    10 |     7 ||    24
       Ration            |       |       |     1 |     3 ||     4
Armor: Ring mail         |    69 |    63 |   180 |    87 ||   399
Dodge: Dodged            |    82 |    76 |   225 |   179 ||   562

Table legend:
 A = Non-vault XP
 B = Vault XP
 C = Vault XP percentage of total XP
 D = Non-vault monster count
 E = Vault monster count
 F = Vault count percentage of total count
                 A         B        C        D         E       F
            +---------+---------+-------+---------+---------+-------
      Total |   11381 |    1797 |  13.6 |     221 |      78 |  26.1
            +---------+---------+-------+---------+---------+-------
        D:1 |      50 |       9 |  15.3 |      25 |       3 |  10.7
        D:2 |      33 |      35 |  51.5 |      18 |       6 |  25.0
        D:3 |     108 |       0 |   0.0 |      20 |       0 |   0.0
        D:4 |     334 |     415 |  55.4 |      18 |       6 |  25.0
        D:5 |     541 |       0 |   0.0 |       9 |       0 |   0.0
        D:6 |    1166 |     271 |  18.9 |      26 |       4 |  13.3
        D:7 |    1577 |     481 |  23.4 |      30 |       1 |   3.2
        D:8 |     932 |       0 |   0.0 |      20 |       0 |   0.0
        D:9 |    3383 |       0 |   0.0 |      30 |       0 |   0.0
       D:10 |    1597 |       0 |   0.0 |      16 |       0 |   0.0
       D:11 |    1660 |       0 |   0.0 |       9 |       0 |   0.0
      Sewer |       0 |     359 | 100.0 |       0 |      19 | 100.0
    Ossuary |       0 |     227 | 100.0 |       0 |      39 | 100.0
            +---------+---------+-------+---------+---------+-------
